 Dungeon Crawl Stone Soup version 0.25-a0-634-gd1561dc703 (webtiles) character file.

Game seed: 10795865437241056862, levelgen mode: deterministic

180 DasRunzen the Ogre Mage (level 5, 0/50 HPs)
             Began as an Ogre Fire Elementalist on Mar 20, 2020.
             Slain by an orc wizard
             ... wielding a +0 dagger
              (4 damage)
             ... on level 2 of the Dungeon.
             The game lasted 00:05:37 (1303 turns).

DasRunzen the Ogre Mage (Ogre Fire Elementalist)    Turns: 1303, Time: 00:05:37

Health: 0/50       AC:  3    Str: 12    XL:     5   Next: 60%
Magic:  2/10       EV: 10    Int: 17    God:
Gold:   85         SH:  0    Dex:  9    Spells: 6/10 levels left

rFire    . . .     SeeInvis .   g - +5 dagger
rCold    . . .     Gourm    .   (no shield)
rNeg     . . .     Faith    .   a - +0 robe
rPois    .         Spirit   .   (helmet restricted)
rElec    .         Reflect  .   (no cloak)
rCorr    .         Harm     .   (gloves unavailable)
MR       .....                  (boots unavailable)
Stlth    +.........             n - amulet of the acrobat
HPRegen  0.16/turn              (no ring)
MPRegen  0.12/turn              (no ring)

@: confused
A: large, unfitting armour, tough skin 1
a: no special abilities


You were on level 2 of the Dungeon.
You were not hungry.

You visited 1 branch of the dungeon, and saw 2 of its levels.

You collected 85 gold pieces.

Inventory:

Hand Weapons
 b - a +0 club
 g - a +5 dagger (weapon)
Armour
 a - a +0 robe (worn)
Jewellery
 n - an amulet of the acrobat (around neck)
Scrolls
 d - a scroll of enchant armour {unknown}
 e - a scroll of enchant weapon {unknown}
 f - a scroll of noise {unknown}
 i - a scroll of blinking {unknown}
 j - 2 scrolls of identify {unknown}
 m - a scroll of fog {unknown}
Potions
 h - a potion of magic {unknown}
 k - a potion of flight {unknown}
Comestibles
 c - a ration
 l - 3 chunks of flesh


   Skills:
 + Level 2.5 Fighting
 + Level 1.6 Maces & Flails
 + Level 2.5 Dodging
 - Level 1.4 Stealth
 + Level 3.3 Spellcasting
 + Level 2.0 Conjurations
 + Level 3.3 Fire Magic


You had 6 spell levels left.
You knew the following spells:

 Your Spells              Type           Power        Failure   Level  Hunger
a - Foxfire               Conj/Fire      ##..         5%          1    None
b - Conjure Flame         Conj/Fire      ##......     17%         3    ###....

Your spell library contained the following spells:

 Spells                   Type           Power        Failure   Level  Hunger
 Animate Skeleton         Necr           N/A          17%         1    None
 Apportation              Tloc           #.....       17%         1    None
 Corona                   Hex            #......      17%         1    None
 Summon Small Mammal      Summ           #...         17%         1    None
 Inner Flame              Hex/Fire       #.......     26%         3    ###....
 Sticky Flame             Conj/Fire      ##......     50%         4    ####...
 Fireball                 Conj/Fire      ##........   83%         5    ######.


Dungeon Overview and Level Annotations

Branches:
Dungeon (2/15)

Altars:


Innate Abilities, Weirdness & Mutations

You are too large for most types of armour.
You have tough skin. (AC +1)


Message History

You closely miss something. The hobgoblin hits you.
* * * LOW HITPOINT WARNING * * *
Something hits you but does no damage.
You miss something. The hobgoblin hits you.
* * * LOW HITPOINT WARNING * * *
You hear some strange, mumbled words.
You are confused.
You miss something.
The hobgoblin hits you but does no damage.
You hear some strange, mumbled words.
Something tries to affect you, but you resist.
You bump into the rock wall.
The hobgoblin hits you.
* * * LOW HITPOINT WARNING * * *
Something hits you but does no damage.
You bump into the rock wall.
The hobgoblin hits you.
* * * LOW HITPOINT WARNING * * *
Something hits you but does no damage.
You bump into the rock wall.
The hobgoblin barely misses you. Something hits you.
You die...

#...# #..#
##..##. #...#
#..## ##..##..
.#### #...
##..##..# ...#
#..##..##...
##...#
#....##..# .
#...# ##..##..#
.#
#...####..##o)#
.. #...#.(##g{#
###..[.).@##
####.#### #.#
#.# #.# #†# ...
..... #.....#


You could see an orc and a hobgoblin.

Vanquished Creatures
  An orc priest (D:2)
  An orc wizard (D:2)
  Jessica (D:2)
  Terence (D:2)
  3 adders (D:2)
  A worm (D:2)
  A dart slug (D:1)
  2 leopard geckos (D:1)
  3 giant cockroaches
  2 goblins (D:1)
  6 hobgoblins
  6 kobolds
  A quokka (D:2)
  3 ball pythons
  2 bats
  3 frilled lizards
  7 rats
44 creatures vanquished.

Vanquished Creatures (others)
  61 foxfires
61 creatures vanquished.

Grand Total: 105 creatures vanquished

Notes
Turn   | Place    | Note
-------+----------+-------------------------------------------
     0 | D:1      | DasRunzen the Ogre Fire Elementalist began the quest for
                  | the Orb.
     0 | D:1      | Reached XP level 1. HP: 16/16 MP: 3/3
    77 | D:1      | Reached skill level 1 in Conjurations
   169 | D:1      | Reached XP level 2. HP: 26/26 MP: 3/5
   285 | D:1      | Reached skill level 1 in Fighting
   467 | D:1      | Reached XP level 3. HP: 28/33 MP: 7/7
   758 | D:1      | Learned a level 3 spell: Conjure Flame
   785 | D:2      | Found a faded altar of an unknown god.
   849 | D:2      | Reached skill level 1 in Maces & Flails
  1052 | D:2      | Reached XP level 4. HP: 42/42 MP: 4/8
  1137 | D:2      | Noticed Jessica
  1154 | D:2      | Killed Jessica
  1171 | D:2      | Noticed Terence
  1195 | D:2      | Killed Terence
  1195 | D:2      | Reached XP level 5. HP: 16/49 MP: 0/9
  1303 | D:2      | Slain by an orc wizard

Levels and vault maps discovered:
D:1:      lemuel_arrival_hallway, layout_loops_ring
D:2:      minmay_alternating_diamond, layout_basic,
          chequers_ecumenical_altar_simple, trog_butcher_becter, uniq_robin,
          uniq_jessica, uniq_terence

Skill      XL: |  1  2  3  4  5 |
---------------+----------------+-----
Conjurations   | 1 2 |  2.0
Fighting       | 1 2 |  2.5
Dodging        | 2 |  2.5
Maces & Flails | 1 |  1.6
Fire Magic     | 3 |  3.3
Spellcasting   | 3 |  3.3
Stealth        | |  1.4

Action                   |  1- 3 |  4- 6 || total
-------------------------+-------+-------++-------
Melee: Unarmed           |    15 |       ||    15
       Dagger            |    55 |    26 ||    81
       Club              |     4 |       ||     4
 Cast: Foxfire           |    16 |    24 ||    40
 Stab: Sleeping          |     1 |     1 ||     2
  Eat: Chunk             |     1 |       ||     1
Armor: Robe              |    17 |    11 ||    28
Dodge: Dodged            |    44 |    32 ||    76

Table legend:
 A = Non-vault XP
 B = Vault XP
 C = Vault XP percentage of total XP
 D = Non-vault monster count
 E = Vault monster count
 F = Vault count percentage of total count
                 A         B        C        D         E       F
            +---------+---------+-------+---------+---------+-------
      Total |     172 |      86 |  33.3 |      41 |       3 |   6.8
            +---------+---------+-------+---------+---------+-------
        D:1 |      45 |       0 |   0.0 |      25 |       0 |   0.0
        D:2 |     127 |      86 |  40.4 |      16 |       3 |  15.8
            +---------+---------+-------+---------+---------+-------
